 Dungeon Crawl Stone Soup version 0.27-a0-223-ge082b6e869 (webtiles) character file.

Game seed: 9792068712422899131

17745 sahdkjhfkaj the Fetichist (level 12, -2/96 (103) HPs)
             Began as a Deep Dwarf Fighter on Feb 1, 2021.
             Was a Believer of Makhleb.
             Slain by a komodo dragon (9 damage)
             ... on level 4 of the Lair of Beasts.
             The game lasted 00:18:35 (11179 turns).

sahdkjhfkaj the Fetichist (Deep Dwarf Fighter)     Turns: 11179, Time: 00:18:35

HP:   -2/96 (103)   AC: 15    Str: 19    XL:     12   Next: 21%
MP:   20/20 (11)    EV:  6    Int: 11    God:    Makhleb [**....]
Gold: 506           SH: 10    Dex:  7    Spells: 11/11 levels left

rFire    . . .     SeeInvis +   a - +4 hand axe "Vas Foigh" {vamp, rN+ Dex-5 SInv}
rCold    . . .     Faith    .   c - +0 kite shield
rNeg     + . .     Spirit   .   y - +0 plate armour
rPois    .         Reflect  .   (no helmet)
rElec    .         Harm     .   A - +0 cloak
rCorr    .         Rampage  .   (no gloves)
Will     ++...                  F - +0 pair of boots
Stlth    ..........             (no amulet)
HPRegen  0.00/turn              q - ring "Ineji" {+Fly Will+ Str-4 SInv}
MPRegen  0.17/turn              K - ring of magical power

@: lethally poisoned (-2 -> -2), non-regenerating, drained
A: damage resistance, heal wounds, sense surroundings 2, no regeneration
a: Heal Wounds, Renounce Religion, Evoke Flight, Minor Destruction


You were on level 4 of the Lair of Beasts.
You worshipped Makhleb.
Makhleb was pleased with you.
You visited 3 branches of the dungeon, and saw 15 of its levels.
You also visited: Bailey.

You collected 946 gold pieces.
You spent 440 gold pieces at shops.

Inventory:

Hand Weapons
 a - the +4 hand axe "Vas Foigh" (weapon) {vamp, rN+ Dex-5 SInv}
   (You bought it in a shop on level 7 of the Dungeon)

   It inflicts no extra harm, but heals its wielder when it wounds a living foe.
   It affects your dexterity (-5).
   It protects you from negative energy.
   It lets you see invisible.
Missiles
 v - 2 throwing nets {!f}
Armour
 c - a +0 kite shield (worn)
 y - a +0 plate armour (worn)
   (You took it off an orc warrior on level 8 of the Dungeon)
 A - a +0 cloak (worn)
   (You took it off Maurice on level 10 of the Dungeon)
 F - a +0 pair of boots (worn)
   (You found it on level 1 of the Lair of Beasts)
Jewellery
 q - the ring "Ineji" (left hand) {+Fly Will+ Str-4 SInv}
   (You found it on level 5 of the Dungeon)

   [ring of flight]

   It affects your strength (-4).
   It affects your willpower, your defense against some magical effects.
   It lets you see invisible.
   It lets you fly.
 K - a ring of magical power (right hand)
   (You found it on level 3 of the Lair of Beasts)
Wands
 d - a wand of iceblast (9)
   (You found it on level 9 of the Dungeon)
 o - a wand of mindburst (12)
   (You found it on level 3 of the Dungeon)
 t - a wand of flame (66)
   (You found it on level 4 of the Dungeon)
 u - a wand of paralysis (6)
   (You took it off Maurice on level 10 of the Dungeon)
 x - a wand of acid (8)
   (You took it off Ijyb on level 3 of the Dungeon)
Scrolls
 f - 6 scrolls of amnesia
 g - 9 scrolls of remove curse {@r2}
 i - 6 scrolls of enchant armour
 j - 2 scrolls of magic mapping {unknown}
 k - 10 scrolls of teleportation {@r4}
 l - 6 scrolls of fog
 m - a scroll of fear {unknown}
 p - a scroll of immolation {unknown}
 z - a scroll of random uselessness {unknown}
 H - a scroll of vulnerability {unknown}
Potions
 b - 3 potions of heal wounds {@q2}
 e - 2 potions of haste {unknown}
 h - 3 potions of lignification {!q}
 n - 2 potions of mutation {unknown}
 r - 5 potions of brilliance
 s - a potion of invisibility
 w - 5 potions of curing {@q1}
 B - 2 potions of degeneration {unknown}
 C - 4 potions of flight {unknown}
 D - a potion of cancellation {unknown}
 E - a potion of might
 G - a potion of magic {unknown}
 I - a potion of berserk rage {unknown}
 J - a potion of attraction {unknown}


   Skills:
 - Level 5.6 Fighting
 - Level 8.8 Axes
 - Level 6.6 Armour
 - Level 5.4 Dodging
 - Level 6.7 Shields
 + Level 12.2 Invocations
 - Level 15.0 Evocations


You had 11 spell levels left.
You didn't know any spells.
Your spell library contained the following spells:

 Spells                   Type           Power        Failure   Level
 Beastly Appendage        Tmut           0%           100%        1
 Corona                   Hex            0%           100%        1
 Magic Dart               Conj           0%           100%        1
 Sting                    Tmut/Pois      0%           100%        1
 Blink                    Tloc           N/A          100%        2
 Call Imp                 Summ           0%           100%        2
 Ensorcelled Hibernation  Hex/Ice        0%           100%        2
 Poisonous Vapours        Pois/Air       0%           100%        2
 Slow                     Hex            0%           100%        2
 Wereblood                Tmut           0%           100%        2
 Confusing Touch          Hex            0%           100%        3
 Conjure Flame            Conj/Fire      0%           100%        3
 Dazzling Flash           Conj/Hex       0%           100%        3
 Ignite Poison            Fire/Tmut/Pois 0%           100%        3
 Mephitic Cloud           Conj/Pois/Air  0%           100%        3
 Spider Form              Tmut/Pois      0%           100%        3
 Tukima's Dance           Hex            0%           100%        3
 Ice Form                 Ice/Tmut       0%           100%        4
 Olgreb's Toxic Radiance  Pois           0%           100%        4
 Blade Hands              Tmut           0%           100%        5


Dungeon Overview and Level Annotations

Branches:
Dungeon (10/15)            Temple (1/1) D:5            Lair (4/6) D:8
  Swamp (0/4) Lair:3       Bailey (visited)
  Snake: Lair:2-4    Spider: Lair:2-4       Orc: D:9-12

Altars:
Ashenzari
Cheibriados
Dithmenos
Elyvilon
Fedhas
Gozag
Hepliaklqana
Kikubaaqudgha
Makhleb
Nemelex Xobeh
Okawaru
Qazlal
Ru
Sif Muna
Trog
Uskayaw
Vehumet
Wu Jian
Xom
Yredelemnul
Zin
The Shining One

Shops:
D:7 (

Annotations:
D:6 1 runed translucent door, pigah's ghost, novice OpWn
D:9 2 transporters, Sabo's ghost, journeyman DsBe
Lair:3 exclusion: oklob plant


Innate Abilities, Weirdness & Mutations

You are resistant to damage.
You can heal yourself by infusing magical energy.
You passively map the area around you.
You do not regenerate.


Message History

* * * LOW HITPOINT WARNING * * *
You hit the bullfrog.
Your shield and plate armour prevent you from hitting the komodo dragon.
The bullfrog hits you but does no damage.
The komodo dragon bites you.
* * * LOW HITPOINT WARNING * * *
Your shield and plate armour prevent you from hitting the komodo dragon.
You hit the bullfrog. You block the bullfrog's attack.
The komodo dragon bites you!!
* * * LOW HITPOINT WARNING * * *
The bullfrog hits you but does no damage.
You slash the komodo dragon!
You feel better.
You barely miss the bullfrog.
The bullfrog hits you but does no damage.
You block the komodo dragon's attack.
Unknown command.
You closely miss the komodo dragon. You closely miss the bullfrog.
The bullfrog hits you but does no damage.
The komodo dragon bites you.
* * * LOW HITPOINT WARNING * * *
The bullfrog hits you but does no damage.
Unknown command.
You slash the komodo dragon!
You feel better.
You slash the bullfrog!
You feel better.
You kill the bullfrog!
Makhleb accepts your kill.
You feel better. The komodo dragon bites you.
* * * LOW HITPOINT WARNING * * *
You hit the komodo dragon.
You feel better. The komodo dragon bites you.
* * * LOW HITPOINT WARNING * * *
Your plate armour prevents you from hitting the komodo dragon.
You block the komodo dragon's attack.
Unknown command.
You hit the komodo dragon.
You feel better. The komodo dragon barely misses you.
Unknown command.
You hit the komodo dragon but do no damage.
The komodo dragon bites you!!
* * * LOW HITPOINT WARNING * * *
You barely miss the komodo dragon. The komodo dragon bites you!!
* * * LOW HITPOINT WARNING * * *
You closely miss the komodo dragon. You block the komodo dragon's attack.
Unknown command.
You hit the komodo dragon but do no damage.
You block the komodo dragon's attack.
A polar bear comes into view.
Unknown command.
Your shield prevents you from hitting the komodo dragon.
The polar bear growls angrily.
The komodo dragon bites you!
You die...

, * ,, ,* ## #.
#P.... , , * , ,
*.#....##...h# ,,,
, ....##....# * *
** #.#.#.....# , ,
* *,, *
#.........#* .# , ,
####........[##.##*
, * ,,
#..#...#P..l#....#
, ,
,P##.........@.# ,,
* , , **,
........P.#.### *
###...P.##..## * ,
,,, * *
#.#...†#...## * ,,
, , #.#.#.†.......
,* , , *
#..<†#†#...#.## , ,
#PPP.#####.##.# *
*, ,$....P..#** ..#
# * * #..##PP..
...* *


You could see a polar bear and a komodo dragon.

Vanquished Creatures
  4 hydras
  Nergalle (Lair:2)
  Pikel (D:6)
  An elephant (Lair:3)
  Maurice (D:10)
  A black mamba (Lair:1)
  3 cane toads
  A rime drake (Lair:4)
  5 komodo dragons
  2 trolls
  A blink frog (Lair:3)
  Sigmund (D:4)
  A wraith (D:10)
  A vampire (D:9)
  21 yaks
  5 water moccasins
  Menkaure (D:5)
  A swamp worm (Lair:3)
  5 orc warriors
  2 ice beasts
  An eye of draining (D:10)
  A sky beast (D:8)
  6 centaurs
  9 wolves
  8 ogres
  2 lemures (D:6)
  2 phantoms
  10 bullfrogs
  A gnoll sergeant (D:9)
  3 scorpions
  12 wights
  6 howler monkeys
  A hound (D:10)
  2 quasits
  8 jellies
  3 orc priests
  A bullfrog skeleton (D:5)
  2 centaur skeletons
  Ijyb (D:3)
  3 iguanas
  Natasha (D:3)
  7 orc wizards
  4 hell rats (Lair:4)
  10 worker ants
  A statue (D:8)
  A killer bee zombie (D:10)
  A hound skeleton (D:5)
  A howler monkey skeleton (D:8)
  11 gnolls
  6 adders
  2 shadow imps
  2 white imps
  2 ufetubi
  11 oozes
  3 adder skeletons
  An adder zombie (D:5)
  2 worms
  7 leopard geckos
  23 orcs
  6 giant cockroaches
  13 goblins
  4 hobgoblins
  9 jackals
  5 quokkas
  2 ball pythons
  5 bats (D:1)
  6 frilled lizards
  11 kobolds
  A quokka zombie (D:5)
  8 rats
307 creatures vanquished.

Vanquished Creatures (others)
  An orc wizard (D:7)
  20 fungi
  13 plants
34 creatures vanquished.

Grand Total: 341 creatures vanquished

Notes
Turn   | Place    | Note
-------+----------+-------------------------------------------
     0 | D:1      | sahdkjhfkaj the Deep Dwarf Fighter began the quest for the
                  | Orb.
     0 | D:1      | Reached XP level 1. HP: 20/20 MP: 1/1
   106 | D:1      | Reached XP level 2. HP: 22/27 MP: 2/2
   457 | D:1      | Reached XP level 3. HP: 24/33 MP: 3/3
   620 | D:2      | Found an opulent altar of Gozag.
   665 | D:2      | Reached skill level 1 in Dodging
   837 | D:2      | Reached XP level 4. HP: 37/42 MP: 4/4
   988 | D:2      | Found a sparkling altar of Nemelex Xobeh.
  1182 | D:3      | Found a faded altar of an unknown god.
  1325 | D:3      | Noticed Ijyb
  1336 | D:3      | Killed Ijyb
  1577 | D:3      | Found a sacrificial altar of Ru.
  1744 | D:3      | Noticed Natasha
  1748 | D:3      | Killed Natasha
  1749 | D:3      | Reached XP level 5. HP: 21/49 MP: 4/4
  2008 | D:4      | Noticed an ogre
  2013 | D:4      | Killed an ogre
  2199 | D:4      | Reached XP level 6. HP: 56/56 MP: 4/4
  2206 | D:4      | Noticed Sigmund
  2219 | D:4      | Killed Sigmund
  2220 | D:4      | Reached skill level 5 in Axes
  2334 | D:5      | Entered Level 5 of the Dungeon
  2334 | D:5      | Noticed Menkaure
  2346 | D:5      | Killed Menkaure
  2347 | D:5      | Reached XP level 7. HP: 45/63 MP: 4/4
  2405 | D:5      | Reached skill level 1 in Evocations
  2413 | D:5      | Reached skill level 2 in Evocations
  2416 | D:5      | Reached skill level 3 in Evocations
  2448 | D:5      | Got a glittering bronze ring
  2527 | D:5      | Reached skill level 5 in Evocations
  2658 | D:5      | Reached skill level 6 in Evocations
  2658 | D:5      | Reached XP level 8. HP: 37/72 MP: 5/5
  2714 | D:5      | Reached skill level 7 in Evocations
  2781 | D:5      | Found a staircase to the Ecumenical Temple.
  2956 | Temple   | Entered the Ecumenical Temple
  3184 | D:6      | Identified the ring "Ineji" {+Fly Will+ Str-4 SInv} (You
                  | found it on level 5 of the Dungeon)
  3247 | D:6      | Found a runed translucent door.
  3247 | D:6      | Noticed pigah's ghost (novice OpWn)
  3340 | D:6      | Noticed Pikel
  3418 | D:6      | Reached skill level 8 in Evocations
  3429 | D:6      | Reached skill level 9 in Evocations
  3440 | D:6      | Killed Pikel
  3441 | D:6      | Reached skill level 10 in Evocations
  3450 | D:6      | Reached skill level 5 in Armour
  3450 | D:6      | Reached skill level 5 in Shields
  3461 | D:6      | Found a bloodstained altar of Trog.
  3583 | D:6      | Found a shimmering blue altar of Sif Muna.
  3645 | D:6      | Gained mutation: You passively map the area around you.
                  | [Deep Dwarf growth]
  3645 | D:6      | Reached XP level 9. HP: 50/78 MP: 6/6
  3827 | D:6      | Noticed a troll
  3830 | D:6      | Noticed a six-headed hydra
  4012 | D:6      | Killed a troll
  4140 | D:6      | Found a bloodstained altar of Trog.
  4189 | D:6      | Killed a seven-headed hydra
  4248 | D:6      | Reached skill level 5 in Fighting
  4353 | D:7      | Found a flagged portal.
  4416 | Bailey   | Entered a bailey
  4528 | D:7      | Found a stormy altar of Qazlal.
  4573 | D:7      | Found a broken altar of Ashenzari.
  4622 | D:7      | Found a white marble altar of Elyvilon.
  4682 | D:7      | Reached skill level 5 in Dodging
  4970 | D:7      | Reached XP level 10. HP: 78/85 MP: 4/4
  5096 | D:7      | Found Ipsyp's Weapon Boutique.
  5104 | D:7      | Bought the +4 hand axe "Vas Foigh" {vamp, rN+ Dex-5 SInv}
                  | for 440 gold pieces
  5292 | D:8      | Found a snail-covered altar of Cheibriados.
  5425 | D:8      | Found a radiant altar of Vehumet.
  5575 | D:8      | Found a staircase to the Lair.
  6632 | D:9      | Identified the cursed +2 great mace of Futex {vamp, rC++}
  6632 | D:9      | Noticed a two-headed ogre
  6632 | D:9      | Noticed Sabo's ghost (journeyman DsBe)
  6633 | D:9      | Found a transporter.
  6634 | D:9      | Found a transporter.
  6684 | D:9      | Found a burning altar of Makhleb.
  6701 | D:9      | Became a worshipper of Makhleb the Destroyer
  6704 | D:9      | Found a glowing golden altar of the Shining One.
  6821 | D:9      | Reached skill level 11 in Evocations
  6835 | D:9      | Found a burning altar of Makhleb.
  7260 | D:10     | Entered Level 10 of the Dungeon
  7437 | D:10     | Reached skill level 12 in Evocations
  7471 | D:10     | Noticed Maurice
  7475 | D:10     | Killed Maurice
  7499 | D:10     | HP: 1/90 [komodo dragon (24)]
  7765 | D:10     | Reached * piety under Makhleb
  7790 | D:10     | Reached skill level 13 in Evocations
  8227 | Lair:1   | Entered Level 1 of the Lair of Beasts
  8289 | Lair:1   | Reached XP level 11. HP: 17/96 MP: 4/4
  8366 | D:8      | Reached skill level 14 in Evocations
  8568 | Lair:1   | Reached ** piety under Makhleb
  8754 | Lair:1   | Reached skill level 15 in Evocations
  9170 | Lair:2   | Noticed a seven-headed hydra
  9174 | Lair:2   | Killed a seven-headed hydra
  9175 | Lair:2   | Reached skill level 5 in Invocations
  9348 | Lair:2   | Found a dark tunnel.
  9435 | Lair:2   | Noticed Nergalle
  9440 | Lair:2   | Killed Nergalle
  9564 | Lair:2   | HP: 1/96 [cane toad (7)]
 10008 | Lair:3   | Found a shimmering blue altar of Sif Muna.
 10016 | Lair:3   | Noticed a five-headed hydra
 10016 | Lair:3   | Noticed an eight-headed hydra
 10084 | Lair:2   | Killed a seven-headed hydra
 10212 | Lair:3   | Reached skill level 10 in Invocations
 10217 | Lair:3   | Killed an eight-headed hydra
 10218 | Lair:3   | Reached XP level 12. HP: 71/103 MP: 10/12
 10849 | Lair:3   | Found a staircase to the Swamp.
 11179 | Lair:4   | Slain by a komodo dragon

Illustrated notes

Levels and vault maps discovered:
D:1:      heliophobic_arrival_enchanted_forest, layout_basic
D:2:      layout_basic, nicolae_overflow_hidden_temple, old_standard_altar
D:3:      layout_basic, overflow_temple_1_default,
          chequers_ecumenical_altar_simple, uniq_natasha, uniq_ijyb
D:4:      layout_basic, grunt_ministairs_11, uniq_sigmund
D:5:      layout_gridville, minmay_temple_entry_poolview, uniq_menkaure
D:6:      minmay_chambers_of_sixes, layout_loops_ring, kennysheep_mini_moat,
          hellmonk_ghost_happy_afterlife, bloody_trog, uniq_pikel
D:7:      layout_basic, elyvilon_altar_3, nicolae_ashenzari_panopticon,
          lemuel_doored_altar, lightli_bailey_entry_fortress, serial_shops, shop
D:8:      layout_layer_cave, vehumet_statue, kennysheep_little_box,
          lair_entry_dummy
D:9:      layout_stronghold, general_overflow_altar, gammafunk_ghost_smash,
          nzn_life_drinkers
D:10:     layout_gridville, uniq_maurice
Temple:   nicolae_temple_hex_pool
Lair:1:   layout_cellular_growth, lemuel_old_faithful
Lair:2:   layout_long_grid, nicolae_volcano_entry_two_sided, uniq_nergalle
Lair:3:   lemuel_slime, layout_misc_corridors, palyth_hydra_swamp_entry,
          basic_altar, guppyfry_lair_drakes
Lair:4:   layout_loops_ring, dummy_snake_entry, beast_lair_carwin_9,
          minmay_lair_oklob_chamber, lemuel_fruit_tree

Skill      XL: |  1  2  3  4  5  6  7  8  9 10 11 12 |
---------------+-------------------------------------+-----
Axes           | 3 4 5 6 8 |  8.8
Dodging        | 1 2 3 5 |  5.4
Fighting       | 3 4 5 |  5.6
Armour         | 4 5 6 |  6.6
Shields        | 4 5 6 |  6.7
Evocations     | 6 10 13 15 | 15.0
Invocations    | 10 12 | 12.2

Action                   |  1- 3 |  4- 6 |  7- 9 | 10-12 || total
-------------------------+-------+-------+-------+-------++-------
Melee: War axe           |   122 |   116 |   417 |    43 ||   698
       Hand axe          |       |       |       |   899 ||   899
 Abil: Heal Wounds       |     1 |     4 |    20 |    35 ||    60
Evoke: Wand              |       |       |     6 |    18 ||    24
  Use: Scroll            |       |     4 |     1 |     6 ||    11
       Potion            |       |     2 |     1 |     4 ||     7
Armor: Scale mail        |    69 |       |       |       ||    69
       Chain mail        |     1 |    51 |   222 |   190 ||   464
       Plate armour      |       |       |       |   356 ||   356
Dodge: Dodged            |    56 |    31 |   138 |   292 ||   517
Block: Kite shield       |    72 |    51 |   261 |   574 ||   958

Table legend: (Time is in decaauts)
 A = Elapsed time spent in this place.
 B = Non-inter-level travel time spent in this place.
 C = Inter-level travel time spent in this place.
 D = Time resting spent in this place.
 E = Time spent auto-exploring this place.
 F = Levels seen in this place.
 G = Mean time per level.
                   A        B        C        D        E       F      G
               +--------+--------+--------+--------+--------+-----+--------+
         Total |  11561 |  10919 |    642 |     16 |   7587 |  16 |  722.6 |
       Dungeon |   8564 |   8041 |    523 |      0 |   5708 |  10 |  856.4 |
        Temple |     95 |     76 |     19 |      0 |     75 |   1 |   95.0 |
          Lair |   2846 |   2747 |     99 |      0 |   1804 |   4 |  711.5 |
        Bailey |     54 |     54 |      0 |     16 |      0 |   1 |   54.0 |
               +--------+--------+--------+--------+--------+-----+--------+

Top non-repeatable levels by time:
     D:8: 1335 daAuts
     D:6: 1138 daAuts
  Lair:3: 1054 daAuts
  Lair:2: 1045 daAuts
     D:9: 975 daAuts
     D:7: 927 daAuts
    D:10: 906 daAuts
     D:5: 818 daAuts
     D:3: 737 daAuts
  Lair:1: 687 daAuts
     D:1: 637 daAuts
     D:2: 623 daAuts
     D:4: 464 daAuts
  Temple: 95 daAuts
  Lair:4: 59 daAuts
